Map: [ESL] Alcyone

Players

herO - Winner!

  • Race: Protoss Protoss
  • Spawn Location: 7:00

ShoWTimE

  • Race: Protoss Protoss
  • League: Diamond
  • Spawn Location: 1:00

Event: IEM Katowice 2024

VOD

Have the link to the VOD?

Description

Time

  • Played on: Feb. 10, 2024, 8:58 a.m.
  • Length: 14:45

All games in this series

Show
View Real Time Build Order
Export as new Build Order

herO Protoss - Winner!

Build Orders:  

Get SALT Encoding   

  12  0:00  Probe  
  13  0:12  Probe  
  14  0:16  Pylon  
  14  0:24  Probe (Chrono Boost)  
  16  0:36  Gateway, Probe (Chrono Boost)  
  16  0:43  Probe (Chrono Boost)  
  16  0:45  Assimilator  
  17  0:50  Probe  
  17  0:56  Assimilator  
  18  1:03  Probe (Chrono Boost)  
  19  1:07  Gateway  
  19  1:13  Probe (Chrono Boost)  
  19  1:18  Probe (Chrono Boost)  
  20  1:23  Cybernetics Core  
  21  1:29  Probe  
  22  1:35  Pylon  
  22  1:41  Probe  
  23  1:53  Probe  
  24  1:59  Warp Gate, Adept x2  
  28  2:10  Robotics Facility  
  28  2:23  Pylon  
  28  2:29  Stalker  
  30  2:33  Stalker  
  31  2:40  Shield Battery  
  31  2:56  Immortal (Chrono Boost)  
  31  2:59  Sentry  
  37  3:08  Stalker  
  39  3:13  Pylon  
  39  3:28  Warp Prism (Chrono Boost)  
  41  3:38  Gateway  
  41  3:49  Stalker  
  43  3:56  Stalker  
  43  3:58  Observer  
  46  4:04  Pylon  
  46  4:05  Probe  
  47  4:22  Stalker x2  
  51  4:32  Pylon  
  51  4:44  Twilight Council  
  51  4:53  Adept x3  
  57  5:17  Observer  
  57  5:18  Resonating Glaives (Chrono Boost)  
  57  5:19  Adept  
  57  5:20  Adept x2  
  63  5:38  Pylon  
  63  5:56  Sentry  
  65  5:57  Adept x2  
  65  6:01  Observer  
  70  6:08  Nexus  
  70  6:11  Pylon  
  70  6:30  Adept x3  
  76  6:35  Observer  
  76  6:45  Pylon  
  76  6:52  Stalker  
  77  7:17  Adept  
  77  7:19  Adept x2  
  77  7:20  Immortal (Chrono Boost)  
  87  7:32  Probe x2  
  89  7:45  Adept x2  
  89  7:47  Adept  
  95  7:53  Observer  
  96  7:59  Probe x2  
  96  8:01  Pylon  
  98  8:14  Adept x2  
  102  8:22  Stalker  
  104  8:28  Pylon  
  104  8:31  Pylon  
  104  8:39  Pylon  
  104  8:55  Adept x2  
  94  9:07  Probe x2  
  96  9:15  Adept  
  96  9:16  Adept x2  
  96  9:17  Blink (Chrono Boost)  
  102  9:27  Pylon  
  102  9:31  Robotics Bay  
  102  9:39  Adept x2  
  91  10:03  Adept x3  
  79  10:07  Probe x2  
  70  10:20  Disruptor (Chrono Boost)  
  64  10:24  Stalker x3  
  72  10:29  Probe  
  72  10:30  Probe  
  72  10:31  Assimilator  
  72  10:33  Assimilator  
  74  10:38  Gateway  
  74  10:41  Shield Battery  
  74  10:48  Observer (Chrono Boost)  
  74  10:49  Stalker  
  77  10:57  Stalker  
  79  10:58  Probe x2  
  79  11:03  Stalker  
  83  11:12  Immortal (Chrono Boost)  
  83  11:34  Stalker  
  83  11:35  Stalker x3  
  91  11:45  Observer  
  92  11:58  Stalker x3  
  92  11:59  Stalker  
  92  12:14  Disruptor (Chrono Boost)  
  78  12:20  Probe x2  
  70  12:23  Stalker x3  
  70  12:28  Stalker  
  74  12:40  Disruptor (Chrono Boost)  
  74  12:54  Nexus  
  74  13:01  Sentry  
  74  13:02  Stalker  
  78  13:07  Stalker  
  78  13:12  Shield Battery  
  80  13:14  Disruptor  
  84  13:20  Stalker  
  84  13:26  Stalker  
  79  13:40  Stalker  
  58  14:02  Sentry x2  
  62  14:05  Adept x2  
  66  14:12  Probe x2 (Chrono Boost)  
  66  14:15  Probe (Chrono Boost)  
  69  14:22  Probe x2 (Chrono Boost)  
  71  14:27  Probe x2 (Chrono Boost)  
Show
View Real Time Build Order
Export as new Build Order

ShoWTimE Protoss 

Build Orders: Oracle Opening 

Get SALT Encoding   

  12  0:00  Probe  
  13  0:12  Probe  
  14  0:17  Pylon  
  14  0:24  Probe (Chrono Boost)  
  15  0:36  Gateway, Probe (Chrono Boost)  
  16  0:44  Probe (Chrono Boost)  
  16  0:45  Assimilator  
  17  0:51  Probe  
  17  0:54  Assimilator  
  18  1:03  Probe (Chrono Boost)  
  19  1:07  Gateway  
  19  1:12  Probe (Chrono Boost)  
  19  1:17  Probe (Chrono Boost)  
  20  1:23  Cybernetics Core  
  21  1:29  Probe  
  22  1:34  Pylon  
  22  1:41  Probe  
  23  1:54  Probe  
  23  1:59  Warp Gate, Adept x2  
  28  2:06  Probe  
  29  2:13  Pylon  
  29  2:16  Stargate  
  29  2:26  Probe  
  30  2:31  Adept x2  
  34  2:40  Pylon, Probe  
  33  2:53  Probe  
  33  2:57  Oracle (Chrono Boost)  
  37  3:07  Probe  
  37  3:11  Shield Battery  
  38  3:17  Shield Battery  
  38  3:24  Oracle (Chrono Boost)  
  38  3:33  Probe  
  42  3:39  Robotics Facility  
  42  3:40  Shield Battery  
  42  3:45  Pylon  
  42  3:48  Stalker  
  42  3:54  Stalker  
  46  4:00  Pylon  
  46  4:13  Stalker  
  46  4:16  Pylon  
  48  4:17  Stalker  
  50  4:33  Immortal (Chrono Boost)  
  51  4:40  Adept  
  51  4:41  Adept  
  55  4:46  Pylon  
  55  4:58  Phoenix  
  57  5:09  Warp Prism (Chrono Boost)  
  59  5:14  Adept  
  61  5:24  Gateway  
  61  5:42  Immortal (Chrono Boost)  
  65  5:52  Gateway  
  65  5:56  Pylon  
  65  6:16  Immortal (Chrono Boost)  
  69  6:20  Adept  
  71  6:30  Pylon  
  71  6:50  Adept x2  
  71  6:54  Observer (Chrono Boost)  
  76  6:58  Nexus, Pylon  
  76  7:07  Pylon  
  76  7:13  Adept x2  
  80  7:24  Pylon  
  80  7:36  Sentry, Adept  
  84  8:03  Stalker x2  
  88  8:23  Pylon  
  88  8:33  Stalker x2  
  92  8:44  Pylon  
  92  8:57  Adept x2  
  96  9:05  Probe  
  94  9:11  Gateway  
  94  9:17  Probe  
  94  9:20  Stalker x2  
  99  9:27  Gateway  
  99  9:34  Probe  
  100  9:44  Stalker x2  
  92  10:05  Adept  
  78  10:09  Adept x2  
  64  10:17  Immortal (Chrono Boost)  
  50  10:28  Stalker x2  
  50  10:33  Stalker x2  
  50  10:34  Phoenix (Chrono Boost)  
  60  10:43  Probe x2  
  60  10:47  Immortal (Chrono Boost)  
  66  10:56  Phoenix (Chrono Boost)  
  68  11:00  Stalker  
  68  11:02  Adept  
  72  11:08  Adept x2  
  76  11:13  Phoenix (Chrono Boost)  
  78  11:22  Immortal (Chrono Boost)  
  80  11:40  Assimilator  
  80  11:43  Stalker x2  
  80  11:44  Stalker  
  86  11:48  Stalker  
  86  11:51  Shield Battery  
  86  12:07  Stalker x2  
  74  12:24  Adept x2  
  74  12:26  Probe x2  
  74  12:27  Phoenix (Chrono Boost)  
  82  12:34  Adept x2  
  86  12:38  Probe x2  
  86  12:45  Phoenix (Chrono Boost)  
  86  12:50  Probe  
  89  12:57  Observer (Chrono Boost)  
  90  12:59  Pylon  
  90  13:02  Zealot x2  
  90  13:03  Zealot  
  96  13:07  Zealot  
  98  13:17  Warp Prism  
  93  13:36  Stalker  
  83  13:47  Stalker  
  71  13:54  Stalker  
  67  14:02  Immortal (Chrono Boost)  
  64  14:14  Stalker  
  66  14:22  Stalker  
  66  14:31  Stalker  

Tags
 
Add a new tag
Caveats
  • Supply blocks, unpowered buildings, or Contaminate may cause inaccurate times.
  • Supply counts are checked every 10 seconds.